 Dungeon Crawl Stone Soup version 0.32-a0-468-g38b2580584 (webtiles) character file.

Game seed: 10987464344732677667

3 Bravepunisher the Ducker (level 1, 0/11 HPs)
             Began as a Spriggan Monk on Feb 24, 2024.
             Slain by an ufetubus (2 damage)
             ... on level 5 of the Dungeon.
             The game lasted 00:01:01 (181 turns).

Bravepunisher the Ducker (Spriggan Monk)             Turns: 181, Time: 00:01:01

Health: 0/11       AC:  2    Str:  7    XL:     1   Next: 41%
Magic:  2/2        EV: 19    Int: 11    God:
Gold:   0          SH:  0    Dex: 17    Spells: 0/0 levels left

rFire   . . .        a - +0 short sword
rCold   . . .        (no shield)
rNeg    . . .        b - +0 robe
rPois   .            (helmet restricted)
rElec   .            (no cloak)
rCorr   .            (gloves unavailable)
SInv    +            (boots unavailable)
Will    .....        (no amulet)
Stlth   ++           (no ring)
HPRegen 0.21/turn    (no ring)
MPRegen 0.08/turn

%: no passive effects
@: very quick
A: very small, no large weapons, unfitting armour, see invisible, speed 3
a: no special abilities


You were on level 5 of the Dungeon.
You visited 1 branch of the dungeon, and saw 5 of its levels.

Inventory:

Hand Weapons
 a - a +0 short sword (weapon)
Armour
 b - a +0 robe (worn)
Potions
 c - a potion of ambrosia


   Skills:
 + Level 2.4 Fighting
 - Level 3.2 Short Blades
 * Level 4.2 Dodging


You couldn't memorise any spells.
You didn't know any spells.
Your spell library was empty.

Dungeon Overview and Level Annotations

Branches:
Dungeon (6/15)
 Temple: D:4-7

Altars:


Innate Abilities, Weirdness & Mutations

You are very small and have problems with some larger weapons.
You are too small for most types of armour.
You have supernaturally acute eyesight. (SInv)
You cover ground extremely quickly. (Speed+++)


Message History

There is a stone staircase leading down here.
You open the door.
There is an open door here.
As you open the door, it creaks loudly! 2 ufetubi come into view.
The ufetubus shouts! x2
There is an open door here.
The ufetubus attacks as it pursues you! The ufetubus misses you. x2
Found a smoky red potion.
The ufetubus closely misses you. The ufetubus misses you.
The ufetubus completely misses you. The ufetubus misses you.
You hit the ufetubus but do no damage. The ufetubus misses you. x2
The ufetubus slips past you! The ufetubus completely misses you.
The ufetubus hits you. The ufetubus completely misses you.
The ufetubus barely misses you. The ufetubus barely misses you. x2
There is an open door here.
There is an open door here.
Found a scroll labelled TYLUCISHOW.
You see here a scroll labelled TYLUCISHOW.
An ogre comes into view. It is wielding a +0 giant spiked club.
The ogre shouts!
The ogre attacks as it pursues you! The ogre closely misses you.
You open the door.
A gnoll comes into view. It is wielding a +0 club.
There is an open door here.
Found a scale mail.
The ogre hits you with a +0 giant spiked club!
Ouch! That really hurt!
* * * LOW HITPOINT WARNING * * *
An adder comes into view.
The adder hisses angrily.
The adder bites you.
* * * LOW HITPOINT WARNING * * *
The adder barely misses you. The adder barely misses you.
The ufetubus completely misses you. The ufetubus barely misses you.
The ufetubus completely misses you. The ufetubus barely misses you.
The ufetubus completely misses you. The ufetubus hits you.
You die...

######+##+## #...........
#........... #...........
#........... #...........
#.......g...
###############...........
#........@.g.....#'#######
#.....S55........#........
#.......O........#........
#................#........
#................#........
#..............[.#........
#................#........
#................#....##..
#######.........###+####..


You could see an ogre, a gnoll, an adder and 2 ufetubi.

Vanquished Creatures
  An endoplasm (D:3)
  A quokka (D:2)
  A rat (D:1)
3 creatures vanquished.

Notes
Turn   | Place    | Note
-------+----------+-------------------------------------------
     0 | D:1      | Bravepunisher the Spriggan Monk began the quest for the
                  | Orb.
     0 | D:1      | Reached XP level 1. HP: 11/11 MP: 2/2
    76 | D:3      | You fall into a shaft and drop 3 floors!
    84 | D:5      | Entered Level 5 of the Dungeon
   144 | D:5      | Noticed an ogre
   181 | D:5      | Slain by an ufetubus

Illustrated notes

Levels and vault maps discovered:
D:1:      lightli_arrival_flooded_house, layout_basic
D:2:      layout_rooms, serial_shops, shop, minmay_vboxes,
          uniq_crazy_yiuf_cottage
D:3:      layout_loops_ring, serial_shops, nicolae_lakefront_shop, uniq_terence
D:5:      layout_gridville, mainiacjoe_overflow_brackets,
          nicolae_overflow_crystal_walls, minmay_temple_entry_enclosed_plants
D:6:      layout_loops_ring, uniq_pikel, uniq_eustachio

Action                     || total
---------------------------++-------
  Melee: Short sword       ||    15
   Stab: Sleeping          ||     1
 Armour: Robe              ||     7
  Dodge: Dodged            ||    31

Table legend: (Time is in decaauts)
 A = Elapsed time spent in this place.
 B = Non-inter-level travel time spent in this place.
 C = Inter-level travel time spent in this place.
 D = Time resting spent in this place.
 E = Time spent auto-exploring this place.
 F = Levels seen in this place.
 G = Mean time per level.
                   A        B        C        D        E       F      G
               +--------+--------+--------+--------+--------+-----+--------+
         Total |    121 |    121 |      0 |      0 |     21 |   5 |   24.2 |
       Dungeon |    121 |    121 |      0 |      0 |     21 |   5 |   24.2 |
               +--------+--------+--------+--------+--------+-----+--------+

Top non-repeatable levels by time:
     D:5: 59 daAuts
     D:1: 27 daAuts
     D:2: 24 daAuts
     D:6: 5 daAuts
     D:3: 4 daAuts
